 Dungeon Crawl Stone Soup version 0.30.1-11-g7821555f0a (webtiles) character file.

Game seed: 13664315160445422830

186 Okkudo the Chopper (level 5, -4/48 HPs)
             Began as a Hill Orc Monk on Nov 28, 2023.
             Was a Believer of Beogh.
             Killed from afar by Dowan (8 damage)
             ... with a puff of frost
             ... on level 4 of the Dungeon.
             The game lasted 00:11:34 (2043 turns).

Okkudo the Chopper (Hill Orc Monk)                  Turns: 2043, Time: 00:11:37

Health: -4/48      AC: 10    Str: 16    XL:     5   Next: 66%
Magic:  5/5        EV:  5    Int: 10    God:    Beogh [**....]
Gold:   227        SH:  0    Dex: 13    Spells: 4/4 levels left

rFire   . . .        a - +1 hand axe
rCold   . . .        d - orb {light}
rNeg    . . .        h - +0 plate armour
rPois   .            (no helmet)
rElec   .            (no cloak)
rCorr   .            (no gloves)
SInv    .            (no boots)
Will    .....        (no amulet) Stlth
                     (no ring)
HPRegen 0.28/turn    (no ring)
MPRegen 0.09/turn

%: no passive effects
@: brilliant, glowing
A: no striking features
a: Renounce Religion, Smiting


You were on level 4 of the Dungeon.
You worshipped Beogh.
Beogh was pleased with you.
You visited 1 branch of the dungeon, and saw 4 of its levels.

You collected 227 gold pieces.

Inventory:

Hand Weapons
 a - a +1 hand axe (weapon)
Missiles
 i - 5 poisoned darts (quivered)
Armour
 d - an orb of light (worn)
 h - a +0 plate armour (worn)
Wands
 f - a wand of flame (17)
Scrolls
 b - 2 scrolls of blinking
 k - a scroll of brand weapon
 n - a scroll of poison
 o - a scroll of fear {unknown}
 p - a scroll of noise
 q - a scroll of teleportation {unknown}
Potions
 c - a potion of ambrosia
 e - 2 potions of degeneration
 g - a potion of haste {unknown}
 j - a potion of heal wounds {unknown}
 l - a potion of might {unknown}
 m - 2 potions of lignification
 r - a potion of brilliance


   Skills:
 * Level 5.2 Fighting
 * Level 5.6 Axes
 + Level 1.5 Armour
 - Level 2.8 Dodging
 + Level 1.4 Shields


You had 4 spell levels left.
You didn't know any spells.
Your spell library contained the following spells:

 Spells                   Type           Power      Damage    Failure   Level
 Summon Small Mammal      Summ           0%         N/A       100%        1
 Call Canine Familiar     Summ           0%         N/A       100%        3
 Ignite Poison            Fire/Tmut/Pois 0%         N/A       100%        3
 Summon Guardian Golem    Hex/Summ       0%         N/A       100%        3
 Sticky Flame             Conj/Fire      0%         2d3       100%        4
 Ignition                 Fire           0%         3d3       100%        8


Dungeon Overview and Level Annotations

Branches:
Dungeon (4/15)
 Temple: D:4-7

Altars:
Nemelex Xobeh
Vehumet
Wu Jian

Shops:
D:3 ?

Annotations:
D:4 Dowan, Duvessa


Message History

You hit Duvessa.
Duvessa is severely wounded.
Duvessa hits you with a +0 short sword.
Dowan says, "Magic and the sword, together, will defeat you."
Duvessa says, "I don't care about looks, I care about technique!"
Duvessa hits you but does no damage.
You closely miss Dowan. You hit Duvessa but do no damage.
Duvessa hits you but does no damage. Dowan closely misses you.
You hit Dowan.
Dowan is lightly wounded.
You hit Duvessa but do no damage. Duvessa hits you with a +0 short sword!
Dowan hits you but does no damage. Duvessa hits you but does no damage.
You closely miss Dowan.
Dowan is lightly wounded.
You hit Duvessa. Duvessa hits you with a +0 short sword.
Dowan hits you with a +0 dagger.
You hit Dowan but do no damage.
Dowan is lightly wounded.
You hit Duvessa but do no damage. Duvessa hits you with a +0 short sword!
Dowan hits you but does no damage. Duvessa hits you with a +0 short sword.
Dowan attacks as you move away! Dowan hits you with a +0 dagger.
* * * LOW HITPOINT WARNING * * *
Duvessa gestures with her weapon.
Dowan mumbles some strange words.
Dowan blinks!
Duvessa hits you but does no damage. Dowan hits you but does no damage.
There is an escape hatch in the floor here.
You can't go up here!
Duvessa hits you but does no damage. Dowan hits you with a +0 dagger.
* * * LOW HITPOINT WARNING * * *
Duvessa barely misses you. The ball python barely misses you.
The ball python grabs you.
You stop descending the stairs.
The ball python constricts you.
You escape the ball python's grasp.
Duvessa says, "When magic and the sword combine, nothing stands against them."
Duvessa hits you with a +0 short sword!
* * * LOW HITPOINT WARNING * * *
Dowan points at you and mumbles some strange words.
The puff of frost hits you!
You die...

..>##.....# ##.######.# #####
#. #.###..> #.#####..##.#
#....#......# ####).......#
###......###..##### ########
....#......#......## #......#
.####.####.....e@..###.#...#
.####........O.Se>.......#
.......#####.#####.....####
#### .....###
#.##...........#.....
.....###
#O...#####...#.......
.......## ##).##
#......(.....
.....#..####...#
#.##......##.
..........)..)## #.###....##
......#####.#)######..###..##


You could see Duvessa (fast), an ogre, Dowan and a ball python.

Vanquished Creatures
  A howler monkey (D:4)
  An orc priest (D:4)
  An iguana (D:4)
  4 adders (D:2)
  2 dart slugs
  4 orcs (D:4)
  5 endoplasms
  4 giant cockroaches
  A goblin (D:2)
  7 hobgoblins
  A jackal (D:1)
  3 kobolds
  2 quokkas (D:2)
  6 ball pythons
  4 frilled lizards
  2 rats
48 creatures vanquished.

Vanquished Creatures (others)
  2 orcs (D:3)
2 creatures vanquished.

Grand Total: 50 creatures vanquished

Notes
Turn   | Place    | Note
-------+----------+-------------------------------------------
     0 | D:1      | Okkudo the Hill Orc Monk began the quest for the Orb.
     0 | D:1      | Reached XP level 1. HP: 19/19 MP: 1/1
   212 | D:1      | You fall into a shaft and drop 1 floor!
   228 | D:2      | Reached XP level 2. HP: 27/27 MP: 2/2
   247 | D:2      | Identified the +8 quarterstaff of Mandamus {speed, +Blink
                  | rElec}
   334 | D:2      | Reached XP level 3. HP: 33/33 MP: 3/3
   498 | D:2      | Reached XP level 4. HP: 41/41 MP: 4/4
   598 | D:2      | Reached skill level 5 in Axes
   941 | D:3      | Became a worshipper of Beogh the Brigand
   941 | D:3      | Reached * piety under Beogh
   941 | D:3      | Reached ** piety under Beogh
  1025 | D:3      | Found Upluleso's Magic Scroll Shoppe.
  1436 | D:3      | Found an ornate altar of the Wu Jian Council.
  1445 | D:3      | Found a sparkling altar of Nemelex Xobeh.
  1447 | D:3      | Found a radiant altar of Vehumet.
  1627 | D:4      | Reached skill level 1 in Armour
  1627 | D:4      | Reached skill level 1 in Shields
  1667 | D:4      | Reached XP level 5. HP: 35/47 MP: 5/5
  1729 | D:4      | Reached skill level 5 in Fighting
  2003 | D:4      | Noticed Duvessa
  2005 | D:4      | Noticed Dowan
  2006 | D:4      | Noticed an ogre
  2043 | D:4      | Killed from afar by Dowan

Illustrated notes

Levels and vault maps discovered:
D:1:      scummos_arrival_simple_crosswalls, layout_basic,
          minmay_small_reverse_x
D:2:      layout_rooms
D:3:      layout_basic, minitemple, serial_shops, nicolae_shop_tiny_waterfront,
          dk_noncrumbling_2
D:4:      layout_rooms, minivault_19, uniq_duvessa

Skill      XL: |  1  2  3  4  5 |
---------------+----------------+-----
Fighting       | 4 5 |  5.2
Axes           | 5 |  5.6
Armour         | 1 |  1.5
Shields        | 1 |  1.4
Dodging        | |  2.8

Action                     |  1- 3 |  4- 6 || total
---------------------------+-------+-------++-------
  Melee: Hand axe          |    84 |   102 ||   186
 Invoke: Convert to Beogh  |       |     1 ||     1
    Use: Scroll            |       |     7 ||     7
         Potion            |       |     1 ||     1
 Armour: Plate armour      |    62 |    66 ||   128
         Robe              |     3 |       ||     3
  Dodge: Dodged            |    29 |    29 ||    58
